 Dungeon Crawl Stone Soup version 0.21-a0-450-gd87a9b2 (webtiles) character file.

312 KristoblXynda the Cutter (level 6, -7/37 HPs)
             Began as a Kobold Berserker on Nov 18, 2017.
             Was a Believer of Trog.
             Mangled by an iguana (11 damage)
             ... on level 4 of the Dungeon.
             The game lasted 00:04:54 (3633 turns).

KristoblXynda the Cutter (Kobold Berserker)         Turns: 3633, Time: 00:04:55

Health: -7/37      AC:  3    Str: 15    XL:     6   Next: 71%
Magic:  6/6        EV: 17    Int:  9    God:    Trog [**....]
Gold:   209        SH:  0    Dex: 15    Spells: 5/5 levels left

rFire    . . .     SeeInvis .   a - +0 short sword
rCold    + . .     Gourm    .   (shield restricted)
rNeg     . . .     Faith    .   t - +0 leather armour {rC+}
rPois    .         Spirit   .   (no helmet)
rElec    .         Reflect  .   (no cloak)
rCorr    +         Harm     .   (no gloves)
MR       .....                  (no boots)
Stlth    ++........             (no amulet)
HPRegen  0.12/turn              l - ring of resist corrosion
MPRegen  0.10/turn              (no ring)

@: no status effects
A: carnivore 3
a: Berserk, Trog's Hand, Burn Spellbooks, Renounce Religion


You were on level 4 of the Dungeon.
You worshipped Trog.
Trog was pleased with you.
You were full.

You visited 1 branch of the dungeon, and saw 4 of its levels.

You collected 209 gold pieces.

Inventory:

Hand Weapons
 a - a +0 short sword (weapon)
Armour
 t - a +0 leather armour of cold resistance (worn)
Jewellery
 l - a ring of resist corrosion (left hand)
Scrolls
 h - a scroll of remove curse {unknown}
 i - 2 scrolls of immolation {unknown}
 j - 2 scrolls of enchant armour {unknown}
 q - a scroll of enchant weapon {unknown}
 r - a scroll of recharging {unknown}
Potions
 b - a potion of flight {unknown}
 g - a potion of cancellation
 m - a potion of invisibility
 n - a potion of brilliance {unknown}
 o - a potion of heal wounds {unknown}
 p - a potion of degeneration {unknown}
 s - a potion of lignification
Comestibles
 c - 3 meat rations
 f - 2 royal jellies


   Skills:
 - Level 3.2 Fighting
 - Level 6.0 Short Blades
 + Level 3.2 Armour
 + Level 4.7 Dodging
 + Level 2.4 Stealth


You had 5 spell levels left.
You didn't know any spells.

Dungeon Overview and Level Annotations

Branches:
Dungeon (4/15)
 Temple: D:4-7

Altars:
Fedhas
Makhleb
Uskayaw
The Shining One


Innate Abilities, Weirdness & Mutations

You are small and have problems with some larger weapons.
You are carnivorous and can eat meat at any time.


Message History

The iguana bites you but does no damage.
You hit the iguana but do no damage.
The iguana is moderately wounded.
The iguana bites you!
You hit the iguana but do no damage.
The iguana is moderately wounded.
The iguana closely misses you.
You hit the iguana but do no damage.
The iguana is moderately wounded.
The iguana bites you!
You hit the iguana but do no damage.
The iguana is lightly wounded.
You hit the iguana but do no damage.
The iguana is lightly wounded.
The iguana bites you!
* * * LOW HITPOINT WARNING * * *
You hit the iguana.
The iguana is moderately wounded.
The iguana bites you!
You die...

......###....
####..
#...#.#######
#..
#...#........
###
#####.#######
#.########
#........#
#.######.#
#.######.######
###
#.##........@.#
..##
.....###.####l#
# ###.### ...
#.# .#
#.#...... ....
#.# .#
#.#.#.### #..
..# .# #...##
### ..
#####.#### .#
#..<)....# ##
#.###.##.# #
...# #


You could see an iguana.

Vanquished Creatures
  An ogre (D:2)
  A phantom (D:4)
  A centaur skeleton (D:4)
  A worker ant (D:4)
  2 adders
  2 worms (D:2)
  3 dart slugs
  A leopard gecko (D:1)
  8 orcs
  3 giant cockroaches
  7 goblins
  6 hobgoblins
  7 jackals
  A quokka (D:3)
  A ball python (D:1)
  4 bats
  5 kobolds
  A leopard gecko skeleton (D:4)
  3 rats
58 creatures vanquished.

Notes
Turn   | Place    | Note
-------+----------+-------------------------------------------
     0 | D:1      | KristoblXynda the Kobold Berserker began the quest for the Orb.
     0 | D:1      | Reached XP level 1. HP: 14/14 MP: 1/1
    93 | D:1      | Reached XP level 2. HP: 14/19 MP: 2/2
   928 | D:2      | Reached XP level 3. HP: 23/23 MP: 3/3
  1389 | D:2      | Noticed an ogre
  1400 | D:2      | Reached XP level 4. HP: 28/28 MP: 4/4
  1403 | D:2      | Killed an ogre
  1403 | D:2      | Reached skill level 5 in Short Blades
  1403 | D:2      | Reached XP level 5. HP: 32/32 MP: 5/5
  1769 | D:2      | Reached ** piety under Trog
  1894 | D:3      | Found a hide-covered altar of Uskayaw.
  1916 | D:3      | Found a faded altar of an unknown god.
  2075 | D:3      | Found a blossoming altar of Fedhas.
  2241 | D:3      | HP: 1/48 [orc/war axe (5)]
  2464 | D:3      | Found a burning altar of Makhleb.
  2464 | D:3      | Found a glowing golden altar of the Shining One.
  3002 | D:4      | Reached skill level 1 in Stealth
  3002 | D:4      | Reached XP level 6. HP: 25/37 MP: 6/6
  3464 | D:4      | Noticed a phantom
  3491 | D:4      | Killed a phantom
  3491 | D:4      | Reached skill level 6 in Short Blades
  3633 | D:4      | Mangled by an iguana

Vault maps used:
D:1:      dpeg_arrival_line_fractal
D:3:      fedhas_altar_2, eat_drink_and_be_merry_uskayaw,
          gammafunk_temple_overflow_elements,
          chequers_ecumenical_altar_simple_redux, grunt_ministairs_10
D:4:      temple_hall

Skill      XL: |  1  2  3  4  5  6 |
---------------+-------------------+-----
Dodging        | 3 4 |  4.7
Armour         | 2 3 |  3.2
Short Blades   | 5 6 |  6.0
Stealth        | 1 2 |  2.4
Fighting       | |  3.2

Action                   |  1- 3 |  4- 6 || total
-------------------------+-------+-------++-------
Melee: Short sword       |    90 |   164 ||   254
Invok: Berserk           |     3 |     2 ||     5
  Use: Scroll            |       |     5 ||     5
 Stab: Sleeping          |       |     1 ||     1
  Eat: Chunk             |     6 |    12 ||    18
Armor: Animal skin       |     7 |    18 ||    25
       Leather armour    |       |     4 ||     4
Dodge: Dodged            |    42 |   112 ||   154

Table legend:
 A = Spawn XP
 B = Non-spawn XP
 C = Spawn XP percentage of total XP
 D = Spawn monster count
 E = Non-spawn monster count
 F = Spawn count percentage of total count
 G = Total turns spent on level
                    A         B        C        D         E        F      G
               +---------+---------+-------+---------+---------+-------+---------
         Total |       0 |     447 |   0.0 |       0 |      58 |   0.0 |  3633
               +---------+---------+-------+---------+---------+-------+---------
           D:1 |       0 |      18 |   0.0 |       0 |       9 |   0.0 |   809
           D:2 |       0 |     182 |   0.0 |       0 |      23 |   0.0 |  1030
           D:3 |       0 |      30 |   0.0 |       0 |      15 |   0.0 |   903
           D:4 |       0 |     217 |   0.0 |       0 |      11 |   0.0 |   891
               +---------+---------+-------+---------+---------+-------+---------
